Unix NetHack Version 5.0.0-0 post-release - last build May  4 2026 22:22:43 (774f63e81ad911689b3a0859ea89b322d5daca8d,branch:main).

Game began 2026-05-07 08:08:30, ended 2026-05-07 08:30:44.

Ackbladder, neutral female gnomish Wizard

                                 ----
                                 |..----------
                                 |..@a.^.....|
                                 |^-----.....|
                                --.|   |.....|
                                |..----|.....|
                                |...^.<|.....|
                                |---------.---
                                |..--->---..|
                                |.*..%..%...|
                                |..`.----...|
                                |....|  |...|
                                ------  -----

Ackbladder the Thaumaturge  St:12 Dx:11 Co:16 In:19 Wi:14 Ch:10  Neutral
Dlvl:6  $:223 HP:0(33) Pw:44(59) AC:8  Xp:6 T:3347  Hungry   Burdened

Latest messages:
 You succeed in opening the tin.
 It smells like goblins.
 Eat it? [yn] (n) n
 You discard the open tin.
 You see here an elf corpse.
 The magic-absorbing blade scares the quivering blob!
 The quivering blob turns to flee.
 You hit the quivering blob!
 The magic-absorbing blade scares the quivering blob!
 You kill the quivering blob!
 You see here a quivering blob corpse.
 There is a quivering blob corpse here; eat it? [ynq] (n) y
 This quivering blob corpse tastes okay.
 You finish eating the quivering blob corpse.
 You feel strong!
 You must have been exercising diligently.
 You feel agile!
 You must have been working on your reflexes.
 You feel tough!
 You must have been leading a healthy life-style.
 You swap places with the peaceful dwarf.
 You see here 47 rocks.
 You swap places with the peaceful dwarf.
 With great effort you move the boulder.
 With great effort you move the boulder.
 You see here 47 rocks.
 You see here an elf corpse.
 You see here an elf corpse.
 You are beginning to feel hungry.
 With great effort you move the boulder.
 The boulder suddenly rolls away from you!
 Thump!
 Click!  You trigger a rolling boulder trap!
 No boulder was released.
 The boulder suddenly rolls away from you!
 You hear a boulder fall.
 Click!  The fire ant triggers a rolling boulder trap.
 The fire ant bites!
 The fire ant bites again!
 You're on fire!
 The fire ant bites!
 The fire ant bites again!
 You're on fire!
 The magic-absorbing blade cancels the fire ant!
 The fire ant bites!
 The fire ant bites again!
 The fire ant bites!
 You die...
 Do you want your possessions identified? [ynq] (y) y
 Do you want to see your attributes? [ynq] (y) q

Inventory:
 Coins    ('$')
  $ - 223 gold pieces
 Amulets  ('"')
  q - an uncursed amulet of unchanging
 Weapons  (')')
  E - a cursed -1 dagger
  w - the rustproof +0 Magicbane (weapon in right hand)
  B - a +0 orcish dagger
  a - a blessed +1 quarterstaff
  S - a +0 short sword
 Armor    ('[')
  s - a blessed +0 helm of caution (being worn)
  t - an uncursed +0 orcish helm
  P - an uncursed +0 orcish helm
  Y - a cursed -1 pair of levitation boots
  b - an uncursed +0 cloak of magic resistance (being worn)
 Comestibles  ('%')
  o - an uncursed slime mold
  M - an uncursed cream pie
  x - 3 uncursed food rations
  D - an uncursed lembas wafer
  V - an uncursed tripe ration
 Scrolls  ('?')
  K - a blessed scroll of blank paper
  O - 4 uncursed scrolls of blank paper
  I - a cursed scroll of blank paper
  j - an uncursed scroll of create monster
  i - 3 uncursed scrolls of earth
  H - an uncursed scroll of enchant weapon
  u - an uncursed scroll of food detection
  k - an uncursed scroll of identify
  v - a blessed scroll of light
 Spellbooks  ('+')
  p - an uncursed spellbook of detect treasure
  l - a blessed spellbook of force bolt
  m - an uncursed spellbook of knock
 Potions  ('!')
  f - an uncursed potion of booze
  h - an uncursed potion of extra healing
  z - an uncursed potion of fruit juice
  G - a cursed potion of fruit juice
  W - an uncursed potion of gain ability
  T - an uncursed potion of healing
  r - an uncursed potion of object detection
  Z - an uncursed potion of sickness
  y - an uncursed potion of sleeping
  g - an uncursed potion of speed
 Rings    ('=')
  e - an uncursed ring of free action (on right hand)
  d - an uncursed +1 ring of gain constitution (on left hand)
  C - an uncursed ring of invisibility
  F - an uncursed ring of protection from shape changers
 Wands    ('/')
  L - a wand of probing (0:6)
  c - a wand of undead turning (0:4)
 Tools    ('(')
  A - a bag of tricks (0:7)
  n - a magic marker (0:21)
 Gems/Stones  ('*')
  J - an uncursed amber stone
  X - an uncursed worthless piece of blue glass
  U - an uncursed worthless piece of yellow glass

Ackbladder the Wizard's attributes:

Background:
 You were a Thaumaturge, a level 6 female gnomish Wizard.
 You were neutral, on a mission for Thoth
 who was opposed by Ptah (lawful) and Anhur (chaotic).
 You were right-handed.
 You were in Sokoban, on level 6.
 You entered the dungeon 3347 turns ago.
 You had 501 experience points, 139 more were needed to attain level 7.

Basics:
 You had 0 out of 33 hit points.
 You had 44 out of 59 energy points (spell power).
 Your armor class was 8.
 Your wallet contained 223 zorkmids.
 Autopickup was off.

Final Characteristics:
 Your strength was 12 (limit:18/50).
 Your dexterity was 11 (limit:18).
 Your constitution was 16 (base:15, limit:18).
 Your intelligence was 19 (limit:19).
 Your wisdom was 14 (limit:18).
 Your charisma was 10 (limit:18).

Final Status:
 You were hungry.
 You were burdened; movement was slightly slowed.
 You were wielding a dagger.
 You had basic skill with dagger.

Final Attributes:
 You were piously aligned.
 You were magic-protected.
 You were warned.
 You had infravision.
 You were warded.
 You had free action.
 You were unlucky.
 You are dead.

Miscellaneous:
 You didn't encounter any bones levels.
 Total elapsed playing time was 22 minutes and 13 seconds.

Major events:
 Turn
    1: Ackbladder the neutral female gnomish Wizard entered the dungeon
 1092: attained the rank of Conjurer (level 3)
 1850: was bestowed with Magicbane by Thoth
 1915: entered the Gnomish Mines
 2946: attained the rank of Thaumaturge (level 6)
 2972: entered Sokoban
 3347: killed by a fire ant

Spells:
 Name                 Level Category     Fail Retention
 force bolt             1   attack         0%   81%-90%
 knock                  1   matter         0%  76%-100%
 detect treasure        4   divination   100%  76%-100%

Skills:
 Fighting Skills
   bare handed combat [Unskilled]
   riding             [Unskilled]
 Weapon Skills
   dagger             [Basic]
   knife              [Unskilled]
   axe                [Unskilled]
   short sword        [Unskilled]
   club               [Unskilled]
   mace               [Unskilled]
   quarterstaff       [Basic]
   polearms           [Unskilled]
   spear              [Unskilled]
   trident            [Unskilled]
   sling              [Unskilled]
   dart               [Unskilled]
   shuriken           [Unskilled]
 Spellcasting Skills
   attack spells      [Basic]
   healing spells     [Unskilled]
   divination spells  [Unskilled]
   enchantment spells [Basic]
   clerical spells    [Unskilled]
   escape spells      [Unskilled]
   matter spells      [Unskilled]

Voluntary challenges:
 Character rerolling was not enabled.
 You never genocided any monsters.
 You never polymorphed an object.
 You never changed form.
 You used no wishes.
 You violated the special Sokoban rules once.
Achievements:
 You entered a shop.
 You attained the rank of Conjurer.
 You entered the Gnomish Mines.
 You attained the rank of Thaumaturge.
 You entered Sokoban.

 The Dungeons of Doom: levels 1 to 7
    Level 1:
       A fountain.
    Level 2:
       A vegetarian food shop, an altar to Thoth.
    Level 3:
    Level 4:
       Stairs down to The Gnomish Mines.
    Level 5:
       A potion shop.
    Level 6:
       Many fountains.
    Level 7:
       Some fountains.
       Stairs up to Sokoban, level 6.
 The Gnomish Mines:
    Level 5:
 Sokoban:
    Level 6: <- You were here.
       Unsolved.
       Final resting place for
          you, killed by a fire ant.


Vanquished creatures:
  a small mimic
  a giant beetle
  a quivering blob
  2 leprechauns
  a dingo
  a blue jelly
  a soldier ant
  a bugbear
 an imp
  a rock piercer
  a shrieker
  a gray ooze
  4 elf zombies
  a paper golem
  a giant ant
  2 little dogs
  a kitten
  a homunculus
  2 acid blobs
  a coyote
  a hobbit
  8 giant rats
  2 cave spiders
  2 yellow molds
  a red mold
  a gecko
  9 jackals
  4 goblins
  3 sewer rats
  4 grid bugs
  2 lichens
  2 kobold zombies
 10 newts
75 creatures vanquished.

No species were genocided or became extinct.

Game over:
                       ----------
                      /          \
                     /    REST    \
                    /      IN      \
                   /     PEACE      \
                  /                  \
                  |    Ackbladder    |
                  |      223 Au      |
                  | killed by a fire |
                  |       ant        |
                  |                  |
                  |                  |
                  |       2026       |
                 *|     *  *  *      | *
        _________)/\\_//(\/(/\)/\//\/|_)_______

Goodbye Ackbladder the Wizard...

You died in Sokoban on dungeon level 6 with 2505 points,
and 223 pieces of gold, after 3347 moves.
You were level 6 with a maximum of 33 hit points when you died.

